 Dungeon Crawl Stone Soup version 0.28.0-53-g5a82cb258f (webtiles) character file.

Game seed: 687789463554574148

203 Zeld the Magician (level 5, -6/28 HPs)
             Began as a Deep Elf Fire Elementalist on May 22, 2022.
             Killed by divine providence
             ... invoked by an orc priest
              (10 damage)
             ... on level 3 of the Dungeon.
             The game lasted 00:03:28 (4298 turns).

Zeld the Magician (Deep Elf Fire Elementalist)      Turns: 4298, Time: 00:03:29

Health: -6/28      AC:  7    Str:  5    XL:     5   Next: 51%
Magic:  13/14      EV: 10    Int: 22    God:
Gold:   97         SH:  0    Dex: 15    Spells: 7/13 levels left

rFire   . . .      SeeInvis .   (no weapon)
rCold   . . .      Faith    .   (no shield)
rNeg    . . .      Spirit   .   s - +2 ring mail {rPois}
rPois   +          Reflect  .   (no helmet)
rElec   .          Harm     .   (no cloak)
rCorr   .          Rampage  .   (no gloves)
Will    .....                   (no boots)
Stlth   +.........              (no amulet)
HPRegen 0.09/turn               (no ring)
MPRegen 0.14/turn               (no ring)

@: very slightly contaminated
A: no striking features
a: no special abilities


You were on level 3 of the Dungeon.
You visited 1 branch of the dungeon, and saw 4 of its levels.

You collected 145 gold pieces.
You spent 48 gold pieces at shops.

Inventory:

Armour
 s - a +2 ring mail of poison resistance (worn)
Jewellery
 m - a ring of protection from cold
Wands
 q - a wand of paralysis (6)
Scrolls
 g - a scroll of fear
 h - a scroll of magic mapping
 j - a scroll of enchant weapon
 k - a scroll of amnesia
 n - 2 scrolls of enchant armour
 o - 3 scrolls of identify
 p - 2 scrolls of teleportation {unknown}
 r - a scroll of silence {unknown}
Potions
 b - a potion of magic {unknown}
 c - 2 potions of heal wounds {unknown}
 d - a potion of flight {unknown}
 e - a potion of resistance {unknown}
 f - a potion of cancellation {unknown}
 i - 2 potions of mutation {unknown}
 l - a potion of curing {unknown}


   Skills:
 + Level 3.5 Dodging
 - Level 2.4 Stealth
 * Level 4.9 Spellcasting
 + Level 2.4 Conjurations
 + Level 2.0 Hexes
 * Level 4.6 Fire Magic


You had 7 spell levels left.
You knew the following spells:

 Your Spells              Type           Power      Damage    Failure   Level
a - Foxfire               Conj/Fire      80%        2x1d8     12%         1
b - Scorch                Fire           50%        2d7       11%         2
c - Inner Flame           Hex/Fire       20%        N/A       36%         3

Your spell library contained the following spells:

 Spells                   Type           Power      Damage    Failure   Level
 Conjure Flame            Conj/Fire      20%        6-21      34%         3
 Flame Wave               Conj/Fire      20%        2d7       75%         4


Dungeon Overview and Level Annotations

Branches:
Dungeon (4/15)
 Temple: D:4-7

Altars:

Shops:
D:1 [   D:2 *


Message History

a +0 flail; a +2 ring mail of poison resistance; an orc corpse
s - a +2 ring mail of poison resistance You start removing your armour.
You continue taking off your +0 robe. x4
You finish taking off your +0 robe.
You drop a +0 robe.
You start putting on your armour.
You continue putting on your +2 ring mail of poison resistance. x4
You finish putting on your +2 ring mail of poison resistance.
You feel resistant to poison.
You see here a +0 mace.
Items here: ))) [ †††.
You see here 14 stones.
You see here 14 stones.
Items here: ))) [ †††.
You see here a +0 mace.
Things that are here:
a +0 robe; a +0 flail; an orc corpse An orc comes into view.
It is wielding a +0 whip.
The orc shouts!
You hear a shout!
An orc priest comes into view. It is wielding a +0 dagger.
An orc priest comes into view. It is wielding a +0 flail.
The orc priest shouts!
The orc priest invokes the aid of Beogh against you.
Beogh smites you!
An orc comes into view. It is wielding a +0 hand axe.
The orc priest shouts!
The orc completely misses you.
Casting: Scorch (safe; 11% risk of failure)
Confirm with . or Enter, or press ? or * to list all spells.
You miscast Scorch.
You are very lightly contaminated with residual magic.
Nothing appears to happen.
The orc priest invokes the aid of Beogh against you.
Beogh smites you!
* * * LOW HITPOINT WARNING * * *
The orc closely misses you.
The orc priest casts a cantrip, but nothing happens.
The orc priest miscasts a cantrip.
The orc priest calls down the wrath of Beogh upon you.
Beogh smites you!
You die...

........# #.##### ######...###)
........# #..#########..#...##)
##.####.# #..............#..##[
##.####.#####...............#.##.
÷......................#.....###.
.......#######.(.......#.....# #.
.......................####### #.
.....#########.........#########.
.....# ###@###.............
.....# #.# #.############
.....######### #o# #.#
.............. #.# #.#
..#.#.######## #.# #.# ..#.#.#
#....# #o# #.# ..#.#.###.##.# #.#
#.# ..#.#.....##.# #.# #.#
#.#.########># #o# #.#


You could see an orc priest and an orc.

Vanquished Creatures
  2 orc priests (D:3)
  A gnoll (D:1)
  5 adders
  2 dart slugs (D:1)
  9 orcs
  3 ball pythons
  8 endoplasms
  3 giant cockroaches
  5 goblins
  5 hobgoblins
  8 jackals
  4 quokkas
  4 bats
  3 frilled lizards
  6 kobolds
  5 rats
73 creatures vanquished.

Vanquished Creatures (others)
  40 foxfires
40 creatures vanquished.

Grand Total: 113 creatures vanquished

Notes
Turn   | Place    | Note
-------+----------+-------------------------------------------
     0 | D:1      | Zeld the Deep Elf Fire Elementalist began the quest for the
                  | Orb.
     0 | D:1      | Reached XP level 1. HP: 10/10 MP: 6/6
    49 | D:1      | Reached XP level 2. HP: 15/15 MP: 0/8
   159 | D:1      | Found Etiaqugg's Antique Armour Emporium.
   203 | D:1      | Learned a level 2 spell: Scorch
   654 | D:1      | Found a faded altar of an unknown god.
   743 | D:1      | Reached XP level 3. HP: 19/19 MP: 5/10
   749 | D:1      | Learned a level 3 spell: Inner Flame
  1598 | D:2      | Reached XP level 4. HP: 24/24 MP: 7/12
  1765 | D:2      | Found Rapuaf's General Store.
  1772 | D:2      | Bought a scroll of identify for 24 gold pieces
  1772 | D:2      | Bought a scroll of identify for 24 gold pieces
  2102 | D:2      | Reached skill level 1 in Hexes
  3522 | D:3      | Reached XP level 5. HP: 28/28 MP: 8/13
  4298 | D:3      | Killed from afar by an orc priest

Illustrated notes

Levels and vault maps discovered:
D:1:      lightli_arrival_isolated_outpost, layout_rooms, serial_shops,
          nicolae_shop_trees, hellmonk_ecumenical_altar_run_dry, st_stairs_13
D:2:      layout_loops_ring, serial_shops, nicolae_square_shop, nrook_campfire
D:3:      layout_basic, hangedman_decor_slide_cut, minmay_quadrilaterals
D:4:      layout_rooms, serial_bayou_pond_b, uniq_natasha

Skill      XL: |  1  2  3  4  5 |
---------------+----------------+-----
Spellcasting   | 4 |  4.9
Dodging        | 3 |  3.5
Conjurations   | 2 |  2.4
Fire Magic     | 4 |  4.6
Hexes          | 1 2 |  2.0
Stealth        | |  2.4

Action                   |  1- 3 |  4- 6 || total
-------------------------+-------+-------++-------
Melee: Unarmed           |     2 |    10 ||    12
 Cast: Foxfire           |    28 |     1 ||    29
       Scorch            |    32 |    55 ||    87
  Use: Scroll            |       |     5 ||     5
 Stab: Sleeping          |     1 |       ||     1
Armor: Robe              |     2 |     7 ||     9
Dodge: Dodged            |    22 |    27 ||    49
